 Dungeon Crawl Stone Soup version 0.31-a0-165-g3f4f80340b (webtiles) character file.

Game seed: 17572792358474880942

126 qw the Shooter (level 5, -2/32 HPs)
             Began as a Gargoyle Hunter on June 13, 2023.
             Slain by an orc priest
             ... wielding a +0 dagger
              (3 damage)
             ... on level 3 of the Dungeon.
             The game lasted 00:00:43 (1519 turns).

qw the Shooter (Gargoyle Hunter)                    Turns: 1519, Time: 00:00:43

Health: -2/32      AC:  9    Str: 14    XL:     5   Next: 9%
Magic:  5/5        EV: 11    Int: 10    God:
Gold:   222        SH:  0    Dex: 15    Spells: 4/4 levels left

rFire   . . .        Y - +0 shortbow (flame)
rCold   . . .        (shield currently unavailable)
rNeg    + . .        c - +0 leather armour
rPois   inf          (no helmet)
rElec   +            (no cloak)
rCorr   .            (no gloves)
SInv    .            d - +1 pair of boots
Will    .....        (no amulet)
Stlth   ++           (no ring)
HPRegen 0.25/turn    (no ring)
MPRegen 0.09/turn

%: no passive effects
@: no status effects
A: sickness immunity, AC +4, negative energy resistance 1, electricity
resistance, torment resistance 1, petrification resistance
a: no special abilities


You were on level 3 of the Dungeon.
You visited 1 branch of the dungeon, and saw 3 of its levels.

You collected 222 gold pieces.


Innate Abilities, Weirdness & Mutations

You are immune to sickness and miasma.
Your stone body is resilient. (AC +4)
You are immune to poison.
You resist negative energy. (rN+)
You are resistant to electric shocks. (rElec)
You are resistant to unholy torment.
You are immune to petrification.


   Skills:
 - Level 3.0 Fighting
 + Level 5.9 Ranged Weapons
 - Level 1.5 Dodging
 - Level 1.1 Stealth


You had 4 spell levels left.
You didn't know any spells.
Your spell library was empty.

Inventory:

Hand Weapons
 Y - a +0 shortbow of flaming (weapon)
Armour
 c - a +0 leather armour (worn)
 d - a +1 pair of boots (worn)
Jewellery
 f - a ring of ice
Scrolls
 a - a scroll of identify
 h - a scroll of fear {unknown}
 l - 3 scrolls of immolation {unknown}
 m - 2 scrolls of teleportation
Potions
 b - a potion of curing {unknown}
 e - 2 potions of brilliance {unknown}
 g - 3 potions of heal wounds {unknown}
 i - a potion of degeneration {unknown}
 j - a potion of attraction {unknown}
 k - a potion of cancellation {unknown}

Dungeon Overview and Level Annotations

Branches:
Dungeon (3/15)

Altars:
Kikubaaqudgha

Annotations:
D:3 2 runed translucent doors


Message History

The endoplasm is heavily wounded.
You shoot an arrow. The arrow hits the endoplasm.
The arrow burns the endoplasm.
You kill the endoplasm! 2 orcs come into view.
Enter note:
Enter note: You shoot an arrow.
The arrow hits the orc.
The arrow burns the orc.
The orc is severely wounded.
The orc shouts!
You hear a shout! x2
You shoot an arrow. The arrow barely misses the orc.
An orc priest comes into view. It is wielding a +0 dagger.
An orc priest comes into view. It is wielding a +0 flail.
You shoot an arrow.
The arrow completely misses the orc priest.
You shoot an arrow. The arrow hits the orc priest.
The arrow burns the orc priest.
The orc priest is lightly wounded.
The orc priest calls down the wrath of Beogh upon you.
Beogh smites you!
You shoot an arrow. The arrow hits the orc.
The arrow burns the orc.
You kill the orc!
The orc priest miscasts a cantrip.
You shoot an arrow. The arrow hits the orc priest.
The arrow burns the orc priest.
The orc priest is severely wounded.
A kobold comes into view. It is wielding a +0 whip.
A gnoll comes into view. It is wielding a +0 club.
The orc hits you with a +0 short sword. The orc priest barely misses you.
You shoot an arrow.
The arrow closely misses the orc priest.
The kobold shouts!
The orc priest invokes the aid of Beogh against you.
Pain shoots through your body!
You shoot an arrow.
The arrow closely misses the orc priest.
The arrow barely misses the kobold.
The orc priest calls down the wrath of Beogh upon you.
Beogh smites you! The orc closely misses you.
The orc priest hits you with a +0 dagger.
You die...

..... ...... ....
###.....# ....
........ .....
........ .K...
.....# ......
.....# ###......
.....# #oogo....
.....###### ###@#
..........# ##...#
#.##......# #..###
#.........###.##
###...........#
##......>..........
##################


You could see 2 orc priests, a gnoll, an orc and a kobold.

Vanquished Creatures
  3 adders (D:3)
  A white imp (D:3)
  5 worms
  A dart slug (D:3)
  5 orcs (D:3)
  7 bats
  6 endoplasms
  2 giant cockroaches
  10 goblins
  5 hobgoblins
  4 quokkas
  2 ball pythons (D:3)
  2 frilled lizards
  6 kobolds
  7 rats
66 creatures vanquished.

Notes
Turn   | Place    | Note
-------+----------+-------------------------------------------
     0 | D:1      | qw the Gargoyle Hunter began the quest for the Orb.
     0 | D:1      | Reached XP level 1. HP: 12/12 MP: 1/1
     0 | D:1      | 0 ||| qw: Version: 0.2-a-29-gc1b59c4
     0 | D:1      | 0 ||| qw: Game counter: 4728
     0 | D:1      | 0 ||| qw: Always use a shield: true
     0 | D:1      | 0 ||| qw: God list: Okawaru
     0 | D:1      | 0 ||| qw: Allow faded altars: false
     0 | D:1      | 0 ||| qw: Do Orc after D:15 true
     0 | D:1      | 0 ||| qw: Do second Lair branch before Depths: true
     0 | D:1      | 0 ||| qw: Lair rune preference: random
     0 | D:1      | 0 ||| qw: Plans: Normal, Zot:1-4, Slime:5, God:TSO, Crypt,
                  | Tomb, Abyss, Pan, Hells, Win
     0 | D:1      | 0 ||| PLANNING D:1-11
   149 | D:1      | Reached XP level 2. HP: 17/17 MP: 2/2
   154 | D:1      | HP: 4/17 [kobold/+1 vampiric short sword (5)]
   526 | D:1      | Found a faded altar of an unknown god.
   526 | D:1      | Noticed a sun demon
   546 | D:1      | 546 ||| UPGRADING to +1 pair of boots.
   551 | D:1      | 551 ||| READING scroll labelled SACASKITAO.
   552 | D:1      | 552 ||| READING 2 scrolls labelled PAOGAG NATO.
   565 | D:1      | 565 ||| DROPPING scroll of butterflies.
   566 | D:1      | 566 ||| DROPPING scroll of torment.
   645 | D:2      | Reached XP level 3. HP: 21/21 MP: 3/3
   657 | D:2      | Reached skill level 5 in Ranged Weapons
   972 | D:2      | Found an ancient bone altar of Kikubaaqudgha.
  1037 | D:2      | Reached skill level 3 in Fighting
  1266 | D:2      | Reached XP level 4. HP: 28/28 MP: 4/4
  1288 | D:2      | 1288 ||| READING scroll labelled UPLIRUIMUED.
  1289 | D:2      | 1289 ||| READING 2 scrolls labelled ORILYCL SELOARR.
  1290 | D:2      | 1290 ||| READING scroll labelled ADUELO TOBAISO.
  1293 | D:2      | 1293 ||| DROPPING scroll of poison.
  1338 | D:3      | Found a large runed translucent door.
  1339 | D:3      | Found a large runed translucent door.
  1467 | D:3      | Reached XP level 5. HP: 32/32 MP: 5/5
  1519 | D:3      | HP: 1/32 [orc priest/divine providence (12)]
  1519 | D:3      | Slain by an orc priest

Levels and vault maps discovered:
D:1:      lightli_arrival_chessboard, layout_rooms,
          dreamdust_ecumenical_altar_sealed_demon
D:2:      layout_basic, basic_altar
D:3:      layout_basic, ebering_ghost_disaster_area

Skill      XL: |  1  2  3 |
---------------+----------+-----
Ranged Weapons | 5 |  5.9
Fighting       | 3 |  3.0
Dodging        | |  1.5
Stealth        | |  1.1

Action                     |  1- 3 |  4- 6 || total
---------------------------+-------+-------++-------
   Fire: Shortbow          |   102 |    59 ||   161
    Use: Scroll            |     2 |     3 ||     5
 Armour: Leather armour    |     4 |     3 ||     7
  Dodge: Dodged            |    11 |    16 ||    27

Table legend:
 A = Non-vault XP
 B = Vault XP
 C = Vault XP percentage of total XP
 D = Non-vault monster count
 E = Vault monster count
 F = Vault count percentage of total count
                 A         B        C        D         E       F
            +---------+---------+-------+---------+---------+-------
      Total |     180 |       0 |   0.0 |      66 |       0 |   0.0
            +---------+---------+-------+---------+---------+-------
        D:1 |      31 |       0 |   0.0 |      19 |       0 |   0.0
        D:2 |      52 |       0 |   0.0 |      25 |       0 |   0.0
        D:3 |      97 |       0 |   0.0 |      22 |       0 |   0.0
            +---------+---------+-------+---------+---------+-------
